 Dungeon Crawl Stone Soup version 0.25.1-8-g42b30a86e7 (webtiles) character file.

Game seed: 3327641530061891718

109 Destapler the Skirmisher (level 4, 0/35 HPs)
             Began as a Demonspawn Abyssal Knight on Dec 5, 2020.
             Was a Believer of Lugonu.
             Slain by a centaur (3 damage)
             ... on level 4 of the Dungeon.
             The game lasted 00:07:12 (2605 turns).

Destapler the Skirmisher (DsAK)                     Turns: 2605, Time: 00:07:13

Health: 0/35       AC: 12    Str: 12    XL:     4   Next: 59%
Magic:  6/6        EV:  9    Int: 13    God:    Lugonu [**....]
Gold:   241        SH:  0    Dex: 14    Spells: 3/3 levels left

rFire    . . .     SeeInvis .   a - +1 mace
rCold    + . .     Gourm    .   (no shield)
rNeg     . . .     Faith    .   d - +3 scale mail
rPois    .         Spirit   .   (no helmet)
rElec    .         Reflect  .   q - +0 cloak
rCorr    .         Harm     .   (no gloves)
MR       .....                  (no boots)
Stlth    ..........             (no amulet)
HPRegen  0.11/turn              (no ring)
MPRegen  0.10/turn              (no ring)

@: mighty
A: slimy green scales 1, cold resistance 1
a: Depart the Abyss, Bend Space, Renounce Religion


You were on level 4 of the Dungeon.
You worshipped Lugonu.
Lugonu was pleased with you.
You were hungry.

You visited 1 branch of the dungeon, and saw 4 of its levels.
You visited the Abyss 1 time.

You collected 241 gold pieces.

Inventory:

Hand Weapons
 a - a +1 mace (weapon)
 n - a +2 dagger of pain
Missiles
 o - 2 boomerangs of dispersal (quivered)
Armour
 d - a +3 scale mail (worn)
 q - a +0 cloak (worn)
Jewellery
 b - an uncursed ring of resist corrosion {unknown}
Scrolls
 f - a scroll of magic mapping {unknown}
 g - 3 scrolls of remove curse
 j - a scroll of identify
 k - a scroll of immolation {unknown}
 l - 3 scrolls of blinking
 m - 2 scrolls of teleportation
 r - a scroll of enchant weapon {unknown}
Potions
 h - a potion of mutation {unknown}
 i - 2 potions of flight
 p - a potion of stabbing {unknown}
Comestibles
 c - 8 rations


   Skills:
 + Level 3.5 Fighting
 + Level 2.4 Maces & Flails
 + Level 2.5 Armour
 + Level 1.9 Dodging
 + Level 3.5 Invocations


You had 3 spell levels left.
You didn't know any spells.
Your spell library was empty.

Dungeon Overview and Level Annotations

Branches:
Dungeon (4/15)
 Temple: D:4-7

Altars:
Okawaru
Wu Jian


Innate Abilities, Weirdness & Mutations

You are partially covered in slimy green scales. (AC +2)
Your flesh is cold resistant. (rC+)


Message History

You hit the centaur.
The centaur is heavily wounded.
The centaur hits you but does no damage. x2
You hit the centaur.
The centaur is heavily wounded.
The centaur hits you but does no damage.
You barely miss the centaur.
The centaur is heavily wounded.
The centaur hits you!
* * * LOW HITPOINT WARNING * * *
The centaur hits you.
* * * LOW HITPOINT WARNING * * *
It was a potion of might.
You feel very mighty all of a sudden. The centaur barely misses you.
The centaur hits you but does no damage.
You sock the centaur!
The centaur is almost dead.
The centaur hits you.
You die...

.. #................. ..
#...............(..
..................##. #
...#................# .#
####................#...
###..................
#..##...............
###.#...#....c.......
##............@.......
....(..<.....(##.#...#
............(....# #
...........(...###
##............##
#........(#...#
##........##..#
#######..##### ####


You could see a centaur.

Vanquished Creatures
  4 adders
  A dart slug (D:2)
  3 leopard geckos (D:1)
  8 orcs (D:3)
  A ball python (D:1)
  5 bats
  2 giant cockroaches
  8 goblins
  4 hobgoblins
  7 frilled lizards
  10 kobolds
  7 rats
60 creatures vanquished.

Notes
Turn   | Place    | Note
-------+----------+-------------------------------------------
     0 | Abyss:1  | Destapler the Demonspawn Abyssal Knight began the quest for
                  | the Orb.
     0 | Abyss:1  | Reached XP level 1. HP: 18/18 MP: 2/2
    48 | Abyss:2  | Noticed a chaos spawn
    49 | D:1      | Escaped the Abyss
   192 | D:1      | Reached skill level 1 in Dodging
   226 | D:1      | Reached * piety under Lugonu
   315 | D:1      | Gained mutation: Your flesh is cold resistant. (rC+)
                  | [demonic ancestry]
   315 | D:1      | Reached XP level 2. HP: 22/24 MP: 4/4
   746 | D:1      | Gained mutation: You are partially covered in slimy green
                  | scales. (AC +2) [demonic ancestry]
   746 | D:1      | Reached XP level 3. HP: 17/29 MP: 5/5
  1183 | D:2      | Found an iron altar of Okawaru.
  1277 | D:2      | Found an ornate altar of the Wu Jian Council.
  1853 | D:3      | Reached ** piety under Lugonu
  1945 | D:3      | Reached XP level 4. HP: 29/35 MP: 6/6
  2591 | D:4      | Noticed a centaur
  2605 | D:4      | Slain by a centaur

Illustrated notes

Levels and vault maps discovered:
D:1:      lightli_arrival_noodles, layout_basic
D:2:      layout_loops_ring, old_standard_altar, okawaru_metal_pillars_1_2
D:3:      layout_basic, first_ration
D:4:      layout_cave_pools, overflow_temple_1_default,
          nicolae_qazlal_style_of_elements, gammafunk_temple_overflow_claw

Skill      XL: |  1  2 |
---------------+-------+-----
Dodging        | 1 |  1.9
Maces & Flails | 2 |  2.4
Armour         | 2 |  2.5
Invocations    | 3 |  3.5
Fighting       | |  3.5

Action                   |  1- 3 |  4- 6 || total
-------------------------+-------+-------++-------
Melee: Mace              |   148 |    63 ||   211
Invok: Depart the Abyss  |     1 |       ||     1
  Use: Scroll            |     1 |     3 ||     4
       Potion            |       |     1 ||     1
  Eat: Chunk             |     3 |     2 ||     5
Armor: Scale mail        |    94 |    51 ||   145
Dodge: Dodged            |    84 |    45 ||   129
